Map: Terrasses de Prion

Players

Walkens

  • Race: Terran Terran
  • League: Bronze
  • Spawn Location: 5:00

zidar - Winner!

  • Race: Zerg Zerg
  • League: Silver
  • Spawn Location: 11:00

VOD

Have the link to the VOD?

Description

Time

  • Played on: Feb. 5, 2016, 1:45 p.m.
  • Length: 13:34
Show
View Real Time Build Order
Export as new Build Order

Walkens Terran 

Build Orders:  

Get SALT Encoding   

  12  0:01  SCV  
  13  0:13  SCV  
  14  0:18  Supply Depot  
  14  0:25  SCV  
  15  0:30  Refinery  
  15  0:43  Barracks  
  15  0:51  Supply Depot  
  15  0:56  SCV  
  16  1:01  Refinery  
  16  1:09  SCV  
  17  1:21  SCV  
  18  1:33  Factory  
  18  1:38  Marine  
  19  1:46  Engineering Bay  
  19  2:02  Orbital Command  
  19  2:16  Missile Turret  
  19  2:21  Factory Tech Lab  
  19  2:32  Barracks Reactor  
  19  2:37  Bunker  
  19  3:20  Marine  
  19  3:21  Marine  
  19  3:24  Siege Tank  
  19  3:26  SCV  
  25  3:38  Marine x2  
  27  4:12  Command Center  
  27  4:18  Siege Tank  
  27  4:24  Starport  
  30  4:25  Marine  
  31  4:34  Supply Depot  
  31  4:37  Supply Depot  
  31  4:55  Marine x2  
  33  5:13  Marine x2, Siege Tank  
  26  5:28  Bunker  
  26  5:30  SCV  
  26  5:31  Marine x2  
  29  5:43  SCV  
  30  5:50  Supply Depot  
  30  5:53  Starport Reactor  
  30  5:55  SCV  
  31  6:13  SCV  
  32  6:26  Barracks, Siege Tank  
  35  6:36  Medivac  
  35  6:37  Bunker, Medivac  
  39  6:41  Terran Infantry Weapons Level 1  
  39  6:58  Siege Tank  
  39  7:31  Bunker  
  39  7:32  Barracks Reactor  
  39  7:42  Barracks Reactor  
  39  7:46  Siege Tank  
  39  7:47  Medivac  
  39  7:48  Medivac  
  46  8:00  Liberator  
  46  8:12  SCV  
  47  8:18  Siege Tank  
  53  8:24  SCV  
  54  8:27  Marine x2  
  54  8:28  Marine x2  
  58  8:36  SCV  
  59  8:42  Refinery  
  59  8:45  Marine x3  
  62  9:21  Marine, Siege Tank  
  66  9:24  Supply Depot  
  66  9:31  Supply Depot  
  66  9:32  Supply Depot  
  66  9:47  Marine x2  
  66  9:49  Marine x2  
  66  9:50  Sensor Tower  
  70  9:57  SCV  
  71  10:05  Marine x2  
  71  10:06  Marine  
  71  10:07  Marine  
  74  10:09  SCV  
  74  10:10  Medivac x2  
  80  10:21  SCV  
  80  10:22  Marine  
  80  10:23  Marine  
  80  10:24  Marine x2  
  85  10:40  Marine x2, Siege Tank  
  85  10:42  Marine x2  
  92  10:50  Orbital Command  
  92  11:04  Medivac  
  94  11:23  Supply Depot  
  94  11:28  Siege Tank, Medivac  
Show
View Real Time Build Order
Export as new Build Order

zidar Zerg - Winner!

Build Orders: Hatch First 

Get SALT Encoding   

  12  0:01  Drone  
  13  0:12  Overlord  
  13  0:17  Drone  
  14  0:30  Drone x2  
  14  0:34  Drone  
  17  0:54  Hatchery  
  17  0:57  Drone  
  17  1:03  Extractor, Drone  
  17  1:18  Spawning Pool  
  16  1:26  Drone  
  16  1:27  Drone  
  18  1:34  Overlord  
  18  1:39  Drone  
  19  1:52  Drone  
  20  2:21  Roach Warren, Drone  
  20  2:22  Drone  
  21  2:34  Extractor  
  21  2:36  Drone x4  
  21  2:37  Drone  
  25  2:39  Queen  
  27  2:47  Queen  
  29  3:03  Roach x3  
  35  3:07  Overlord  
  35  3:08  Overlord  
  35  3:41  Roach  
  35  3:42  Roach x5  
  47  3:51  Ravager x2  
  49  3:56  Ravager  
  50  4:22  Drone x2  
  52  4:39  Overlord x4  
  52  4:40  Hatchery  
  39  5:23  Roach  
  39  5:24  Roach x9  
  59  5:31  Lair  
  59  5:49  Drone x2  
  61  5:53  Queen  
  63  6:00  Ravager x3  
  63  6:01  Ravager  
  67  6:21  Evolution Chamber  
  67  6:23  Evolution Chamber  
  65  6:38  Drone x5  
  70  6:42  Extractor  
  69  6:47  Extractor  
  35  7:24  Glial Reconstitution  
  35  7:27  Roach  
  35  7:28  Roach x14  
  65  7:34  Drone  
  65  7:36  Drone x6  
  65  7:37  Drone x4  
  76  7:55  Zerg Ground Armor Level 1  
  76  8:09  Extractor  
  76  8:10  Extractor  
  74  8:23  Drone x2, Infestation Pit  
  74  8:24  Drone x3  
  74  8:25  Drone  
  79  8:29  Drone x7  
  79  8:32  Pneumatized Carapace  
  86  8:41  Roach x2  
  88  8:43  Overlord  
  88  8:44  Overlord x3  
  90  8:56  Zerg Missile Weapons Level 1  
  90  9:23  Drone x7  
  97  9:28  Roach  
  97  9:29  Roach x11  
  121  9:31  Overlord  
  121  9:32  Overlord x4  
  121  9:50  Ravager  
  121  9:51  Ravager x5  
  121  9:52  Ravager  
  128  9:53  Ravager x2  
  130  10:01  Hatchery  
  130  10:05  Queen  
  131  10:10  Metabolic Boost  
  131  10:14  Zerg Ground Armor Level 2  
  131  10:18  Hive  
  131  10:21  Overlord  
  131  10:22  Overlord x2  
  131  10:25  Zergling x14  
  131  10:26  Zergling x2  
  131  10:27  Zergling x2  
  140  10:40  Spore Crawler  
  139  10:44  Spore Crawler  
  138  10:50  Spore Crawler  
  137  11:06  Roach x5  
  137  11:09  Roach x7  
  161  11:13  Ravager x6  
  167  11:50  Ultralisk Cavern  
  166  11:58  Drone  
  166  11:59  Drone x2  
  169  12:07  Extractor  
  168  12:09  Extractor  
  167  12:25  Drone  
  167  12:26  Drone  
  169  12:33  Drone  
Tags
 
Add a new tag
Caveats
  • Supply blocks, unpowered buildings, or Contaminate may cause inaccurate times.
  • Supply counts are checked every 10 seconds.